 Dungeon Sprint DCSS version 0.18.1-5-g4a78601 (webtiles) character file.

9900000 Dungeonaut the Axe Maniac (level 27, -36/268 (273) HPs)
             Began as a Minotaur Abyssal Knight on May 9, 2016.
             Was the Champion of Makhleb.
             Annihilated by The Servant
             ... wielding a +9 glaive of flaming
              (138 damage)
             ... in the Dungeon (Sprint VIII: "Arena of Blood").
             The game lasted 00:11:31 (99 turns).

Dungeonaut the Axe Maniac (Minotaur Abyssal Knight)   Turns: 99, Time: 00:11:31

HP:   -36/268 (273) AC:  6    Str: 28    XL:     27
MP:   35/53         EV: 27    Int:  9    God:    Makhleb [******]
Gold: 0             SH:  0    Dex: 12    Spells: 0 memorised, 80 levels left

rFire  . . .     SeeInvis .     j - +∞ Axe of Woe
rCold  . . .     Gourm    .     b - +0 leather armour
rNeg   . . .     Faith    .     (shield currently unavailable)
rPois  .         Spirit   .     (helmet restricted)
rElec  .         Dismiss  .     (no cloak)
rCorr  .         Reflect  .     (no gloves)
SustAt .         Harm     .     (no boots)
MR     ++...     NoTele   +     (no amulet)
Stlth  ++++++++..               l - +200 ring of slaying
                                m - +200 ring of slaying

@: very slightly contaminated, non-regenerating, diseased, very resistant to
hostile enchantments, extraordinarily stealthy
A: retaliatory headbutt, horns 2
a: Minor Destruction, Lesser Servant of Makhleb, Major Destruction, Greater
Servant of Makhleb, Renounce Religion


You were in the Dungeon.
You worshipped Makhleb.
Makhleb was exalted by your worship.
You were not hungry.

You visited 1 branch

Inventory:

Hand Weapons
 a - a +1 hand axe
 j - the +∞ Axe of Woe (weapon)
   (You found it in the Dungeon)
Armour
 b - a +0 leather armour (worn)
Jewellery
 k - a +30 ring of slaying
 l - a +200 ring of slaying (right hand)
 m - a +200 ring of slaying (left hand)
Potions
 d - a potion of curing
 e - a potion of heal wounds
 f - a potion of haste
 g - 2 potions of magic
 h - a potion of berserk rage
Comestibles
 c - a bread ration


   Skills:
 O Level 27 Fighting
 O Level 27 Axes
 O Level 27 Throwing
 O Level 27 Armour
 O Level 27 Dodging
 O Level 27 Stealth
 O Level 27 Unarmed Combat
 O Level 27 Spellcasting
 O Level 27 Invocations


You had 80 spell levels left.
You didn't know any spells.

Dungeon Overview and Level Annotations

Branches:
Dungeon (1/1)

Altars:
Makhleb

Annotations:
D The Servant


Innate Abilities, Weirdness & Mutations

You reflexively headbutt those who attack you in melee.
You have a pair of horns on your head.


Message History

The Servant hits you from afar with a +9 glaive of flaming!!!
The Servant burns you!
You hear a shout!
A bag of meat comes into view. It is wielding a +9 war axe.
You hear a shout!
Some corpses begin to drag themselves along the ground!
Some corpses meld into an agglomeration of writhing flesh!
The crawling corpse is engulfed in roaring flames.
The crawling corpse is destroyed!
The eight-headed meat hydra is engulfed in roaring flames.
The eight-headed meat hydra calls on the powers of darkness!
The eight-headed meat hydra convulses!
The bag of meat convulses! x3
Your body is wracked with pain!
The meat berserker convulses!
The bag of meat convulses! x2; The Servant convulses!
The bag of meat convulses! x2
You feel something staring at you. Something smites you!
You hear a shout!
The Servant hits you from afar with a +9 glaive of flaming!!!!
Ouch! That really hurt!
You die...

...DX.W)_)........
#o§)%%#...... .
#_O<)_#......
..#))%z.#......
...2._ooo......
.o....###§D§.....
..###.....§§###. .
#....x)§#
#....x@)#
......)xxOozo..
.....X@.oo.o.#o
.......XoX..#C.
........oL##X.O
#.......X#o .X.
.........#.O ##
#.#........oo


You could see 2 tentacled monstrosities, a tyrant, The Servant, an eight-headed
meat hydra, 2 sculptors of flesh, a large bag of meat (inner flame), 4 large
abominations, 3 meat berserkers, a small abomination, 14 bags of meat and 3
crawling corpses.

Vanquished Creatures
  7 hell beasts (D)
  2 greater mummies (D)
  3 wraiths (D)
  14 vampire knights (D)
  32 ogres (D)
  4 liches (D)
  A hydra (D)
  44 orcs (D)
  3 phantoms (D)
  5 hill giants (D)
  8 skeletal warriors (D)
  4 large abominations (D)
  7 small abominations (D)
  12 crawling corpses (D)
146 creatures vanquished.

Vanquished Creatures (others)
  4 crawling corpses (D)
4 creatures vanquished.

Grand Total: 150 creatures vanquished

Notes
Turn   | Place    | Note
--------------------------------------------------------------
     0 | D        | Dungeonaut the Minotaur Abyssal Knight began the quest for the Orb.
     0 | D        | Reached XP level 1. HP: 19/19 MP: 1/1
     4 | D        | Fell from the grace of Lugonu
     4 | D        | Became a worshipper of Makhleb the Destroyer
     5 | D        | Noticed a bag of meat
     6 | D        | Noticed a bag of meat
     9 | D        | Noticed a bag of meat
    10 | D        | Noticed a bag of meat
    10 | D        | Killed a bag of meat
    10 | D        | Reached skill level 15 in Dodging
    10 | D        | Reached XP level 2. HP: 26/26 MP: 2/2
    10 | D        | Reached XP level 3. HP: 31/31 MP: 3/3
    10 | D        | Reached XP level 4. HP: 39/39 MP: 4/4
    10 | D        | Reached XP level 5. HP: 45/45 MP: 5/5
    10 | D        | Reached XP level 6. HP: 51/51 MP: 6/6
    10 | D        | Reached XP level 7. HP: 57/57 MP: 7/7
    10 | D        | Reached XP level 8. HP: 64/64 MP: 8/8
    10 | D        | Reached XP level 9. HP: 70/70 MP: 9/9
    10 | D        | Reached XP level 10. HP: 77/77 MP: 10/10
    10 | D        | Reached XP level 11. HP: 82/82 MP: 11/11
    11 | D        | Noticed a bag of meat
    11 | D        | Noticed a meat berserker
    11 | D        | Noticed a meat berserker
    11 | D        | Noticed a bag of meat
    12 | D        | Noticed a meat berserker
    12 | D        | Killed a bag of meat
    12 | D        | Reached * piety under Makhleb
    12 | D        | Reached XP level 12. HP: 15/90 MP: 12/12
    12 | D        | Killed a bag of meat
    12 | D        | Reached skill level 27 in Axes
    12 | D        | Reached XP level 13. HP: 16/95 MP: 13/13
    13 | D        | Noticed a bag of meat
    13 | D        | Noticed a bag of meat
    13 | D        | Noticed a bag of meat
    13 | D        | Killed a meat berserker
    13 | D        | Reached ** piety under Makhleb
    13 | D        | Reached XP level 14. HP: 17/102 MP: 14/14
    14 | D        | Noticed a bag of meat
    14 | D        | Killed a bag of meat
    14 | D        | Reached skill level 27 in Armour
    14 | D        | Reached XP level 15. HP: 18/107 MP: 15/15
    14 | D        | Killed a meat berserker
    14 | D        | Reached *** piety under Makhleb
    14 | D        | Reached skill level 27 in Dodging
    16 | D        | Killed a meat berserker
    16 | D        | Reached skill level 27 in Fighting
    16 | D        | Reached XP level 16. HP: 101/183 MP: 15/22
    16 | D        | Reached **** piety under Makhleb
    17 | D        | Noticed a meat berserker
    18 | D        | Reached XP level 17. HP: 182/191 MP: 15/30
    20 | D        | Reached ***** piety under Makhleb
    20 | D        | Reached skill level 27 in Invocations
    21 | D        | Noticed a meat berserker
    21 | D        | Reached XP level 18. HP: 200/200 MP: 15/34
    22 | D        | Killed a meat berserker
    23 | D        | Noticed a destroyer
    24 | D        | Reached skill level 27 in Stealth
    24 | D        | Reached skill level 5 in Spellcasting
    24 | D        | Reached XP level 19. HP: 207/207 MP: 16/35
    25 | D        | Reached ****** piety under Makhleb
    25 | D        | Reached skill level 15 in Spellcasting
    25 | D        | Noticed a large bag of meat
    26 | D        | Killed a meat berserker
    26 | D        | Killed a destroyer
    26 | D        | Reached XP level 20. HP: 216/216 MP: 16/47
    27 | D        | Noticed a destroyer
    29 | D        | Noticed a meat berserker
    29 | D        | Noticed a meat berserker
    29 | D        | Reached skill level 27 in Spellcasting
    31 | D        | Noticed a destroyer
    32 | D        | Noticed a meat berserker
    33 | D        | Noticed a meat berserker
    33 | D        | Noticed a meat berserker
    33 | D        | Killed a meat berserker
    33 | D        | Reached XP level 21. HP: 224/224 MP: 18/51
    35 | D        | Reached skill level 27 in Throwing
    36 | D        | Killed a destroyer
    36 | D        | Reached skill level 27 in Unarmed Combat
    36 | D        | Reached XP level 22. HP: 233/233 MP: 19/52
    38 | D        | Reached XP level 23. HP: 240/240 MP: 19/53
    42 | D        | Noticed a destroyer
    43 | D        | Reached XP level 24. HP: 145/249 MP: 21/53
    44 | D        | Noticed a destroyer
    44 | D        | Noticed a destroyer
    44 | D        | Noticed a destroyer
    47 | D        | Killed a destroyer
    47 | D        | Killed a destroyer
    47 | D        | Reached XP level 25. HP: 257/257 MP: 21/53
    50 | D        | Noticed a tyrant
    50 | D        | Killed a destroyer
    52 | D        | Reached XP level 26. HP: 266/266 MP: 23/53
    52 | D        | Killed a destroyer
    54 | D        | Noticed a tyrant
    54 | D        | Noticed a destroyer
    56 | D        | Noticed a destroyer
    56 | D        | Noticed a destroyer
    56 | D        | Reached XP level 27. HP: 169/273 MP: 24/53
    59 | D        | Noticed an accursed
    59 | D        | Noticed an accursed
    59 | D        | Killed a destroyer
    60 | D        | Noticed a destroyer
    60 | D        | Killed a tyrant
    61 | D        | Killed a destroyer
    61 | D        | Killed a destroyer
    61 | D        | Killed an accursed
    63 | D        | Noticed a tyrant
    63 | D        | Noticed a destroyer
    63 | D        | Killed a tyrant
    64 | D        | Noticed a tyrant
    65 | D        | Noticed a dread
    66 | D        | Noticed a dread
    66 | D        | Killed an accursed
    66 | D        | Killed a destroyer
    70 | D        | Killed a dread
    72 | D        | Killed a destroyer
    72 | D        | Noticed a destroyer
    74 | D        | Noticed a meat beast
    77 | D        | Noticed a meat beast
    79 | D        | Killed a destroyer
    80 | D        | Noticed a dread
    82 | D        | Noticed a destroyer
    82 | D        | Noticed a destroyer
    82 | D        | Killed a meat beast
    83 | D        | Killed a meat beast
    84 | D        | Killed a destroyer
    86 | D        | Noticed a meat beast
    86 | D        | Noticed a meat beast
    87 | D        | Noticed The Servant
    87 | D        | Killed a meat beast
    89 | D        | Noticed a meat beast
    89 | D        | Killed a tyrant
    90 | D        | Noticed a meat beast
    91 | D        | Noticed a tyrant
    91 | D        | Noticed a meat beast
    91 | D        | Killed a meat beast
    92 | D        | Noticed a tyrant
    93 | D        | Killed a dread
    93 | D        | Killed a destroyer
    94 | D        | Killed a meat beast
    95 | D        | Killed a dread
    95 | D        | Killed a tyrant
    95 | D        | Killed a meat beast
    95 | D        | Killed a meat beast
    99 | D        | Annihilated by The Servant

Skill      XL: |  1  2  3  4  5  6  7  8  9 10 11 12 13 14 15 16 17 18 19 20 21 |
---------------+----------------------------------------------------------------+-----
Axes           | 22 25 27 | 27.0
Armour         | 16 19 21 25 27 | 27.0
Dodging        | 15 17 19 23 25 27 | 27.0
Fighting       | 27 | 27.0
Invocations    | 9 20 27 | 27.0
Stealth        | 16 27 | 27.0
Spellcasting   | 5 24 27 | 27.0
Throwing       | 24 27 | 27.0
Unarmed Combat | 27 | 27.0

Action                   |  1- 3 |  4- 6 |  7- 9 | 10-12 | 13-15 | 16-18 | 19-21 | 22-24 | 25-27 || total
-------------------------+-------+-------+-------+-------+-------+-------+-------+-------+-------++-------
Melee: Executioner's axe |     1 |       |       |     1 |     3 |     6 |     8 |     8 |    39 ||    66
Invok: Greater Servant o |       |       |       |       |       |       |       |       |     1 ||     1
  Use: Scroll            |       |       |       |       |       |       |       |       |     1 ||     1
Dodge: Dodged            |       |       |       |       |     1 |       |       |       |     3 ||     4
